 Dungeon Crawl Stone Soup version 0.24.0-13-gcf9b319 (webtiles) character file.

Game seed: 3195914233641289261, levelgen mode: deterministic

2658 Fang the Skirmisher (level 9, -3/58 HPs)
             Began as a Gargoyle Berserker on Nov 12, 2019.
             Was an Elder of Trog.
             Slain by a killer bee (6 damage)
             ... on level 7 of the Dungeon.
             The game lasted 00:08:28 (7891 turns).

Fang the Skirmisher (Gargoyle Berserker)            Turns: 7891, Time: 00:08:29

Health: -3/58      AC: 17    Str: 24    XL:     9   Next: 62%
Magic:  9/9        EV:  7    Int:  8    God:    Trog [****..]
Gold:   592        SH:  8    Dex:  9    Spells: 8/8 levels left

rFire    + + .     SeeInvis +   a - +0 broad axe
rCold    + . .     Gourm    .   H - +0 shield
rNeg     + . .     Faith    .   b - +0 chain mail
rPois    ∞         Spirit   .   (no helmet)
rElec    +         Reflect  .   o - scarf {rC+ rF+}
rCorr    .         Harm     .   (no gloves)
MR       ++...                  (no boots)
Stlth    ..........             J - amulet of magic regeneration
HPRegen  1.19/turn              A - ring of protection from fire
MPRegen  0.36/turn              C - ring of see invisible

@: berserk cooldown, regenerating
A: negative energy resistance 1, electricity resistance, unbreathing,
petrification resistance, rot immunity, AC +6
a: Berserk, Trog's Hand, Brothers in Arms, Renounce Religion


You were on level 7 of the Dungeon.
You worshipped Trog.
Trog was greatly pleased with you.
You were hungry.

You visited 2 branches of the dungeon, and saw 8 of its levels.
You also visited: Ossuary.

You collected 648 gold pieces.
You spent 56 gold pieces at shops.

Inventory:

Hand Weapons
 a - a +0 broad axe (weapon)
Armour
 b - a +0 chain mail (worn)
 o - a scarf of resistance (worn)
 H - a +0 shield (worn)
Jewellery
 A - a ring of protection from fire (left hand)
 C - a ring of see invisible (right hand)
 J - an amulet of magic regeneration (around neck)
Wands
 G - a wand of paralysis (6)
Scrolls
 d - 3 scrolls of immolation {unknown}
 g - 5 scrolls of amnesia {unknown}
 h - 2 scrolls of teleportation {unknown}
 i - 12 scrolls of identify {unknown}
 l - a scroll of magic mapping {unknown}
 m - 2 scrolls of remove curse {unknown}
 r - a scroll of random uselessness {unknown}
 t - a scroll of enchant weapon {unknown}
 v - a scroll of fear {unknown}
 w - a scroll of blinking {unknown}
 x - 2 scrolls of enchant armour {unknown}
 y - a scroll of fog {unknown}
 F - 2 scrolls of noise {unknown}
Potions
 e - a potion of agility {unknown}
 f - 3 potions of degeneration {unknown}
 j - 6 potions of curing {unknown}
 k - 2 potions of heal wounds {unknown}
 n - a potion of berserk rage {unknown}
 p - a potion of haste
 q - a potion of brilliance {unknown}
 s - 3 potions of lignification {unknown}
 u - a potion of magic {unknown}
 z - a potion of invisibility {unknown}
 D - 2 potions of cancellation {unknown}
 E - a potion of resistance {unknown}
 I - a potion of ambrosia {unknown}
Comestibles
 c - 13 rations
 B - 3 chunks of flesh


   Skills:
 + Level 7.7 Fighting
 + Level 6.4 Axes
 + Level 7.3 Armour
 + Level 5.5 Dodging
 + Level 1.0 Shields


You had 8 spell levels left.
You didn't know any spells.
Your spell library was empty.

Dungeon Overview and Level Annotations

Branches:
Dungeon (7/15)             Temple (1/1) D:6         Ossuary (visited)

Altars:
Ashenzari
Cheibriados
Hepliaklqana
Nemelex Xobeh
Okawaru
Trog
Vehumet

Shops:
D:4 ?   D:7 ([


Innate Abilities, Weirdness & Mutations

You are resistant to torment.
Your stone body is resilient. (AC +6)
You are immune to poison.
You resist negative energy. (rN+)
You are resistant to electric shocks. (rElec)
You can survive without breathing.
You are immune to petrification.
You are immune to rotting.


Message History

The killer bee stings you but does no damage. x4
The killer bee barely misses you. You block the killer bee's attack.
The killer bee stings you.
* * * LOW HITPOINT WARNING * * *
You block the killer bee's attack.
The killer bee stings you but does no damage. x2
The killer bee stings you.
* * * LOW HITPOINT WARNING * * *
The killer bee stings you but does no damage.
The killer bee stings you.
* * * LOW HITPOINT WARNING * * *
The killer bee stings you but does no damage.
You block the killer bee's attack. The killer bee barely misses you.
The killer bee stings you.
* * * LOW HITPOINT WARNING * * *
You block the killer bee's attack. The killer bee stings you.
* * * LOW HITPOINT WARNING * * *
You block the killer bee's attack. x2; The killer bee stings you.
You die...

#.# #.# #.. ### #.# ###.#
.. #.######## ...### #.#
#........## ....# #..
#.........# #...
#.####........#
#..##.##....(..<.....#
##..##.....y@.###.#####
#....#####.yy.###...
##.##.# ##...y...(.###
#..##.###...P...##..#
#.###..##...∩P...##..
##.# ##..#..PPP.#.###..
##..#####......)........
##..#..........))>..(....
#.........###.).###.###.#


You could see 4 killer bees.

Vanquished Creatures
  2 ice beasts (D:5)
  An orc warrior (D:7)
  A sky beast (D:6)
  2 eyes of draining (D:4)
  2 ogres
  4 centaurs
  An elf zombie (Ossuary)
  2 bullfrogs (D:7)
  A gnoll sergeant (D:6)
  A troll zombie (Ossuary)
  2 scorpions
  A crimson imp (D:5)
  2 orc priests (D:6)
  2 centaur zombies
  5 hounds (D:5)
  A human zombie (Ossuary)
  A jelly (D:5)
  4 orc wizards
  A centaur skeleton (D:6)
  An iguana (D:6)
  5 worker ants
  3 ogre zombies (Ossuary)
  3 big kobold zombies (Ossuary)
  A hound zombie (D:5)
  7 mummies (Ossuary)
  12 gnolls
  10 adders
  5 adder zombies
  An adder skeleton (D:5)
  2 worms
  2 dart slugs
  5 leopard geckos
  13 orcs
  A ball python (D:1)
  3 giant cockroaches
  7 goblins
  6 hobgoblins
  4 jackals (D:1)
  5 kobolds
  4 quokkas
  A ball python skeleton (D:4)
  5 bats
  5 frilled lizards
  5 goblin zombies (Ossuary)
  5 hobgoblin zombies (Ossuary)
  A jackal skeleton (D:4)
  A kobold zombie (Ossuary)
  A leopard gecko skeleton (D:5)
  An orc zombie (Ossuary)
  2 quokka zombies (Ossuary)
  7 rats
  2 rat zombies (Ossuary)
172 creatures vanquished.

Vanquished Creatures (collateral kills)
  A killer bee (D:7)
  An adder (D:7)
2 creatures vanquished.

Grand Total: 174 creatures vanquished

Notes
Turn   | Place    | Note
-------+----------+-------------------------------------------
     0 | D:1      | Fang the Gargoyle Berserker began the quest for the Orb.
     0 | D:1      | Reached XP level 1. HP: 14/14 MP: 1/1
   195 | D:1      | Reached XP level 2. HP: 12/19 MP: 2/2
   780 | D:1      | Reached ** piety under Trog
   780 | D:1      | Reached XP level 3. HP: 22/23 MP: 3/3
  1640 | D:2      | Reached XP level 4. HP: 23/29 MP: 4/4
  2347 | D:3      | Found a snail-covered altar of Cheibriados.
  2900 | D:3      | Found a faded altar of an unknown god.
  3024 | D:4      | Reached XP level 5. HP: 27/33 MP: 5/5
  3070 | D:4      | Found a sand-covered staircase.
  3079 | Ossuary  | Entered an ossuary
  3148 | Ossuary  | Reached *** piety under Trog
  3261 | Ossuary  | Reached XP level 6. HP: 25/39 MP: 6/6
  4025 | Ossuary  | Reached skill level 5 in Fighting
  4240 | Ossuary  | Reached XP level 7. HP: 38/44 MP: 7/7
  4747 | D:4      | Found an iron altar of Okawaru.
  4747 | D:4      | Found a radiant altar of Vehumet.
  4971 | D:4      | Found Hewkehin's Magic Scroll Emporium.
  5058 | D:4      | Found a bloodstained altar of Trog.
  5076 | D:4      | Reached skill level 5 in Armour
  5082 | D:4      | Reached XP level 8. HP: 32/51 MP: 0/8
  5201 | D:5      | Entered Level 5 of the Dungeon
  5374 | D:5      | Reached **** piety under Trog
  5374 | D:5      | Reached skill level 5 in Axes
  6504 | D:5      | Reached XP level 9. HP: 46/56 MP: 9/9
  6716 | D:6      | Found a staircase to the Ecumenical Temple.
  6807 | D:6      | Reached skill level 5 in Dodging
  6867 | Temple   | Entered the Ecumenical Temple
  6922 | D:6      | Paralysed by a gnoll for 6 turns
  7764 | D:7      | Found Keyff's Antique Armour Shop.
  7808 | D:7      | Found Bajav's Weapon Emporium.
  7814 | D:7      | Bought a +0 broad axe for 56 gold pieces
  7859 | D:7      | Reached skill level 1 in Shields
  7891 | D:7      | Slain by a killer bee

Levels and vault maps discovered:
D:1:      psy_arrival_basics, layout_loops_corners,
          minmay_misc_feat_more_columns
D:2:      minmay_alternating_diamond, layout_basic
D:3:      layout_basic, chequers_ecumenical_altar_lobes, kennysheep_slug_shrine
D:4:      layout_loops_ring, gammafunk_temple_overflow_statue, first_ration,
          serial_shops, shop, nicolae_ossuary_entry_plus, trog_eyes_of_draining
D:5:      minmay_polygon_palace, layout_basic
D:6:      layout_basic, temple_statues
D:7:      layout_rooms, serial_rivers, chequers_serial_rivers_micro_b,
          chequers_serial_rivers_micro_a, chequers_serial_rivers_room_b,
          chequers_serial_rivers_marsh, serial_shops, shop,
          kennysheep_mini_moat, shop, nicolae_shop_window_shopping,
          nicolae_shop_overgrown_old_shop
Temple:   regret_index_temple_chain_breaker

Skill      XL: |  1  2  3  4  5  6  7  8  9 |
---------------+----------------------------+-----
Axes           | 3 4 5 6 |  6.4
Dodging        | 2 3 4 5 |  5.5
Armour         | 3 4 5 6 7 |  7.3
Fighting       | 4 5 6 7 |  7.7
Shields        | 1 |  1.0

Action                   |  1- 3 |  4- 6 |  7- 9 || total
-------------------------+-------+-------+-------++-------
Melee: Hand axe          |   144 |   265 |   409 ||   818
       War axe           |       |       |    96 ||    96
       Broad axe         |       |       |    24 ||    24
Invok: Berserk           |       |     2 |     9 ||    11
       Trog's Hand       |       |       |     2 ||     2
       Brothers in Arms  |       |       |     1 ||     1
  Eat: Chunk             |     2 |     6 |    20 ||    28
       Ration            |       |     1 |     1 ||     2
Armor: Animal skin       |    16 |       |       ||    16
       Chain mail        |    89 |   145 |   412 ||   646
Dodge: Dodged            |    88 |    93 |   317 ||   498
Block: Shield            |       |       |    60 ||    60
